 Dungeon Crawl Stone Soup version 0.22.1-1-ga44c0e5 (webtiles) character file.

219 VictorG the Ogre Mage (level 5, -9/50 HPs)
             Began as an Ogre Fire Elementalist on Sept 22, 2018.
             Engulfed by a cloud of steam (15 damage)
             ... on level 3 of the Dungeon.
             The game lasted 00:23:08 (3626 turns).

VictorG the Ogre Mage (Ogre Fire Elementalist)      Turns: 3626, Time: 00:23:09

Health: -9/50      AC:  3    Str: 12    XL:     5   Next: 96%
Magic:  5/11       EV: 10    Int: 17    God:
Gold:   66         SH:  0    Dex:  9    Spells: 6/12 levels left

rFire    . . .     SeeInvis .   n - +0 quarterstaff
rCold    . . .     Gourm    .   (shield currently unavailable)
rNeg     . . .     Faith    .   a - +0 robe
rPois    .         Spirit   .   (helmet restricted)
rElec    .         Reflect  .   (no cloak)
rCorr    .         Harm     .   (gloves unavailable)
MR       .....     Rnd*Tele +   (boots unavailable)
Stlth    +.........             (no amulet)
HPRegen  0.16/turn              i - ring of teleportation (curse)
MPRegen  0.12/turn              (no ring)

@: lethally poisoned (-9 -> -12), very slightly contaminated, very slow
A: large, unfitting armour, tough skin 1
a: no special abilities


You were on level 3 of the Dungeon.
You were very hungry.

You visited 1 branch of the dungeon, and saw 3 of its levels.

You collected 66 gold pieces.

Inventory:

Hand Weapons
 n - a +0 quarterstaff (weapon)
Armour
 a - a +0 robe (worn)
Jewellery
 i - a cursed ring of teleportation (left hand)
 l - an uncursed amulet of faith
 p - an uncursed ring of wizardry {unknown}
Wands
 d - a wand of flame (35)
Scrolls
 o - a scroll of identify
Potions
 b - a potion of haste
 f - a potion of magic
 h - a potion of lignification
 j - a potion of brilliance {unknown}
 k - a potion of heal wounds
Comestibles
 c - 11 rations


   Skills:
 - Level 2.6 Fighting
 - Level 2.6 Dodging
 - Level 1.4 Stealth
 * Level 4.1 Spellcasting
 + Level 2.2 Conjurations
 * Level 3.5 Fire Magic


You had 6 spell levels left.
You knew the following spells:

 Your Spells              Type           Power        Failure   Level  Hunger
a - Flame Tongue          Conj/Fire      ##...        4%          1    None
b - Throw Flame           Conj/Fire      ##....       8%          2    ##.....
c - Conjure Flame         Conj/Fire      ##......     14%         3    ###....

Your spell library contained the following spells:

 Spells                   Type           Power        Failure   Level  Hunger
 Inner Flame              Hex/Fire       #.......     22%         3    ###....
 Sticky Flame             Conj/Fire      ##......     43%         4    ####...
 Fireball                 Conj/Fire      ##........   80%         5    ######.


Dungeon Overview and Level Annotations

Branches:
Dungeon (3/15)

Altars:

Annotations:
D:2 Sigmund


Innate Abilities, Weirdness & Mutations

You are too large for most types of armour.
You have tough skin. (AC +1)


Message History

All of the chunks of flesh in your inventory have rotted away.
The adder bites you. x2
Casting: Flame Tongue (safe; 4% risk of failure)
Confirm with . or Enter, or press ? or * to list all spells.
Aiming: Flame Tongue (safe; 4% risk of failure)
Press: ? - help, Shift-Dir - straight line, f - adder, p - worm
Aim: an adder The flame tongue hits the adder.
The adder is heavily wounded.
The adder is engulfed in a cloud of scalding steam.
The adder bites you.
You are poisoned.
The adder poisons you!
The adder is engulfed in a cloud of scalding steam.
You kill the adder!
You are engulfed in a cloud of scalding steam.
* * * LOW HITPOINT WARNING * * *
You feel sick.
You are engulfed in a cloud of scalding steam.
You die...

#.##.##..## ####
#.......... #..#.###..#
######.#### ##.#.#
##### ##..$##.# #.#.#
#.# #.%..##.#### #.#.#
##.# #........... #.#.#
#..# #........... #.#.#
#.##≈ ####....######.
#.#.#
#.##≈≈####≈≈##...# #.
#.#.#
#.#≈≈≈§@§≈ww≈....# ##
#.#.#
#.##≈≈####≈≈######
#.#.####.### #.####
#.#.##.#.# #.#
#.#.#.#..# ####.#
#......#.###....#
#####.#.#..##.#.#.#
#...#..#.#...###..#
#.#...#.#..##.#.#######


You could see 2 worms.

Vanquished Creatures
  An iguana (D:2)
  Jessica (D:2)
  Robin (D:2)
  6 adders
  A worm (D:2)
  A leopard gecko (D:3)
  An orc (D:3)
  A ball python (D:2)
  9 bats
  5 giant cockroaches
  11 hobgoblins
  9 jackals (D:2)
  A quokka (D:3)
  4 frilled lizards
  22 goblins
  8 kobolds
  5 rats
87 creatures vanquished.

Notes
Turn   | Place    | Note
-------+----------+-------------------------------------------
     0 | D:1      | VictorG the Ogre Fire Elementalist began the quest for the
                  | Orb.
     0 | D:1      | Reached XP level 1. HP: 16/16 MP: 3/3
   107 | D:1      | Reached skill level 1 in Conjurations
   277 | D:1      | Reached XP level 2. HP: 26/26 MP: 0/5
   281 | D:1      | Learned a level 2 spell: Throw Flame
   590 | D:1      | Reached skill level 1 in Fighting
  1089 | D:2      | Reached XP level 3. HP: 33/33 MP: 4/7
  1090 | D:2      | Noticed Jessica
  1093 | D:2      | Killed Jessica
  1171 | D:2      | Reached skill level 3 in Spellcasting
  1239 | D:2      | Reached XP level 4. HP: 20/42 MP: 0/8
  1716 | D:2      | Noticed Robin
  2094 | D:2      | Killed Robin
  2448 | D:2      | Noticed Sigmund
  2465 | D:2      | Reached XP level 5. HP: 46/49 MP: 5/10
  2864 | D:2      | Learned a level 3 spell: Conjure Flame
  3475 | D:3      | Reached skill level 4 in Spellcasting
  3626 | D:3      | Engulfed by a cloud of steam

Skill      XL: |  1  2  3  4  5 |
---------------+----------------+-----
Conjurations   | 1 2 |  2.2
Dodging        | 2 |  2.6
Fighting       | 1 2 |  2.6
Fire Magic     | 3 |  3.5
Spellcasting   | 3 4 |  4.1
Stealth        | |  1.4

Action                   |  1- 3 |  4- 6 || total
-------------------------+-------+-------++-------
Melee: Unarmed           |    52 |   112 ||   164
       Quarterstaff      |       |     5 ||     5
 Cast: Flame Tongue      |    47 |    98 ||   145
       Throw Flame       |       |     4 ||     4
       Conjure Flame     |       |     2 ||     2
  Use: Potion            |       |     3 ||     3
       Scroll            |       |     7 ||     7
  Eat: Chunk             |     1 |     7 ||     8
Armor: Robe              |    28 |    40 ||    68
       Skin              |       |     1 ||     1
Dodge: Dodged            |    31 |   110 ||   141
